 Dungeon Crawl Stone Soup version 0.27-a0-906-g0a00ce863d (webtiles) character file.

Game seed: 4446831170434521781

80 HoaS the Magician (level 4, -1/31 HPs)
             Began as a Djinni Ice Elementalist on Apr 8, 2021.
             Killed from afar by a white imp (6 damage)
             ... with a puff of frost
             ... summoned by Natasha
             ... on level 2 of the Dungeon.
             The game lasted 00:03:23 (1913 turns).

HoaS the Magician (Djinni Ice Elementalist)         Turns: 1913, Time: 00:03:24

Health: -1/31      AC:  2    Str:  7    XL:     4   Next: 39%
Gold:   62         EV: 13    Int: 17    God:
                   SH:  0    Dex: 14

rFire    + + .     SeeInvis .   e - +2 short sword (elec)
rCold    x . .     Faith    .   (no shield)
rNeg     . . .     Spirit   .   a - +0 robe
rPois    ∞         Reflect  .   (no helmet)
rElec    .         Harm     .   (no cloak)
rCorr    .         Rampage  .   (no gloves)
Will     .....                  (boots unavailable)
Stlth    ++........             (no amulet)
HPRegen  0.10/turn              (no ring)
MPRegen  0.00/turn              (no ring)

@: flying
A: fire resistance 2, cold vulnerability 1, float, innate caster, hp casting,
extra vitality 1
a: no special abilities


You were on level 2 of the Dungeon.
You visited 1 branch of the dungeon, and saw 2 of its levels.

You collected 62 gold pieces.

Inventory:

Hand Weapons
 e - a +2 short sword of electrocution (weapon)
Armour
 a - a +0 robe (worn)
Jewellery
 b - an amulet of the acrobat
Potions
 d - a potion of haste {unknown}


   Skills:
 + Level 3.3 Dodging
 - Level 1.5 Stealth
 * Level 4.6 Spellcasting


You couldn't memorise any spells.
You knew the following spells:

 Your Spells              Type           Power      Damage    Failure   Level
a - Freeze                Ice            76%        1d9       2%          1
b - Frozen Ramparts       Ice            38%        1d5       7%          3
c - Ozocubu's Armour      Ice            19%        N/A       7%          3
d - Hailstorm             Conj/Ice       19%        3d6       22%         4
e - Summon Ice Beast      Ice/Summ       19%        N/A       22%         4
f - Foxfire               Conj/Fire      76%        2x1d7     2%          1
Your spell library was empty.

Dungeon Overview and Level Annotations

Branches:
Dungeon (2/15)

Altars:
Uskayaw

Annotations:
D:2 Natasha


Innate Abilities, Weirdness & Mutations

You are immune to poison.
Your flesh is very heat resistant. (rF++)
You are vulnerable to cold. (rC-)
You float through the air rather than walking.
You learn spells naturally, not from books.
Your magical power is your life essence.
You have superior vitality. (+4 HP)


Message History

You kill the goblin!
Things that are here:
a +0 dagger; a goblin corpse
Found a stone staircase leading down.
A bat comes into view.
Natasha, Servant of Life and Death comes into view.
Found two stone staircases leading down.
A ball python and a goblin come into view.
A quokka, 2 jackals and a goblin come into view.
The jackal barks!
The goblin shouts! x2; Natasha hisses angrily.
The ball python hisses angrily.
You hear an angry hiss.
The jackal barks!
You hear an angry hiss.
Natasha mumbles some strange words.
An adder comes into view.
The bat misses you.
The goblin unwields a +0 dagger.
The goblin wields a +0 hunting sling.
The goblin shoots a sling bullet.
The sling bullet hits you.
Found 8 gold pieces.
There is an open door here.
You hit the bat.
The bat is moderately wounded.
The bat misses you.
Natasha stares at you and mumbles some strange words.
You resist with some effort.
The goblin shoots a sling bullet.
The sling bullet hits you! The white imp gestures at you.
The puff of frost hits you!
You feel a terrible chill!
Ouch! That really hurt!
* * * LOW HITPOINT WARNING * * *
You can't go down here!
You can't go up here!
The bat hits you but does no damage. The bat barely misses you.
The bat hits you.
* * * LOW HITPOINT WARNING * * *
The bat hits you but does no damage. The bat hits you but does no damage.
The white imp gestures at you. The puff of frost hits you.
You feel a terrible chill!
You die...

####### #.....#
#######...>.################
#.>...#....@b..........)....
#.....5####h###############.
#.....g####.# #. #..hhS....#
#..#. #...S##.### #..#.
....>.. #.# #..#. ....r..
#.# #####..#. ......$ ..#
#......#. ....... ..#
######......#.


You could see a white imp (summoned), a jackal and a bat.

Vanquished Creatures
  Natasha (D:2)
  2 adders (D:2)
  2 worms (D:2)
  A dart slug (D:1)
  5 ball pythons
  2 endoplasms (D:1)
  4 jackals (D:2)
  3 kobolds (D:1)
  A quokka (D:1)
  5 bats
  A frilled lizard (D:2)
  A goblin (D:2)
  2 rats (D:1)
30 creatures vanquished.

Vanquished Creatures (others)
  4 toadstools (D:1)
4 creatures vanquished.

Grand Total: 34 creatures vanquished

Notes
Turn   | Place    | Note
-------+----------+-------------------------------------------
     0 | D:1      | HoaS the Djinni Ice Elementalist began the quest for the
                  | Orb.
     0 | D:1      | Reached XP level 1. HP: 15/15 MP: 0/0
   487 | D:1      | Reached XP level 2. HP: 21/21 MP: 0/0
   732 | D:1      | Reached skill level 4 in Spellcasting
  1207 | D:2      | Found a hide-covered altar of Uskayaw.
  1216 | D:2      | Reached XP level 3. HP: 17/25 MP: 0/0
  1216 | D:2      | Learned a level 1 spell: Foxfire
  1555 | D:2      | Noticed Natasha
  1559 | D:2      | Killed Natasha
  1742 | D:2      | Reached XP level 4. HP: 26/31 MP: 0/0
  1904 | D:2      | Noticed Natasha
  1913 | D:2      | Killed from afar by a white imp

Illustrated notes

Levels and vault maps discovered:
D:1:      ldierk_walled_garden_2, layout_basic, chequers_decorated_corner
D:2:      layout_basic, basic_altar, uniq_natasha

Skill      XL: |  1  2  3 |
---------------+----------+-----
Spellcasting   | 4 |  4.6
Dodging        | 3 |  3.3
Stealth        | |  1.5

Action                   |  1- 3 |  4- 6 || total
-------------------------+-------+-------++-------
Melee: Short sword       |    11 |     4 ||    15
       Unarmed           |     1 |       ||     1
 Cast: Freeze            |    35 |     5 ||    40
  Use: Scroll            |     2 |       ||     2
 Stab: Sleeping          |     2 |     2 ||     4
Armor: Robe              |     5 |     5 ||    10
Dodge: Dodged            |    37 |     8 ||    45

Table legend: (Time is in decaauts)
 A = Elapsed time spent in this place.
 B = Non-inter-level travel time spent in this place.
 C = Inter-level travel time spent in this place.
 D = Time resting spent in this place.
 E = Time spent auto-exploring this place.
 F = Levels seen in this place.
 G = Mean time per level.
                   A        B        C        D        E       F      G
               +--------+--------+--------+--------+--------+-----+--------+
         Total |   1914 |   1855 |     59 |    961 |    691 |   2 |  957.0 |
       Dungeon |   1914 |   1855 |     59 |    961 |    691 |   2 |  957.0 |
               +--------+--------+--------+--------+--------+-----+--------+

Top non-repeatable levels by time:
     D:1: 1155 daAuts
     D:2: 759 daAuts
